 Dungeon Crawl Stone Soup version 0.30.1-11-g7821555f0a (webtiles) character file.

Game seed: 4957937714181072289

2040 GooseDwarf1 the Thaumaturge (level 9, -3/57 HPs)
             Began as a Djinni Fire Elementalist on Dec 14, 2023.
             Was an Initiate of Gozag.
             Slain by an orc priest
             ... wielding a +0 hand axe
              (5 damage)
             ... on level 6 of the Dungeon.
             The game lasted 00:26:42 (6597 turns).

GooseDwarf1 the Thaumaturge (DjFE)                  Turns: 6597, Time: 00:26:43

Health: -3/57      AC:  4    Str:  7    XL:     9   Next: 48%
Gold:   428        EV: 13    Int: 21    God:    Gozag SH:  0 Dex: 14

rFire   + + +        p - +0 club (spect)
rCold   x . .        (no shield)
rNeg    . . .        H - +2 robe {rC+}
rPois   ∞            (no helmet)
rElec   .            (no cloak)
rCorr   .            (no gloves)
SInv    .            (boots unavailable)
Will    .....        (no amulet)
Stlth   ++           F - ring of fire
HPRegen 0.29/turn    (no ring)
MPRegen 0.00/turn

%: infuse magic (-4 HP)
@: gold aura, flying, studying Long Blades
A: sickness immunity, fire resistance 2, cold vulnerability 1, float, innate
caster, HP casting, extra vitality 1
a: Renounce Religion, Potion Petition, Call Merchant, Bribe Branch


You were on level 6 of the Dungeon.
You worshipped Gozag.
Gozag was aware of your devotion.
You visited 2 branches of the dungeon, and saw 7 of its levels.
You also visited: Sewer.

You collected 537 gold pieces.
You spent 20 gold pieces at shops.
You paid 89 gold pieces to Gozag.

Inventory:

Hand Weapons
 p - a +0 spectral club (weapon)
 u - a +1 battleaxe
 v - a +0 whip of pain
Missiles
 G - a throwing net
Armour
 a - a +0 robe
 d - a +2 pair of boots
 H - a +2 robe of cold resistance (worn)
Jewellery
 y - a ring of poison resistance
 z - a ring of poison resistance
 F - a ring of fire (left hand)
Wands
 o - a wand of roots (2)
 q - a wand of digging (5)
 C - a wand of mindburst (23)
 D - a wand of charming (4)
Scrolls
 b - 2 scrolls of enchant armour {unknown}
 c - 4 scrolls of poison {unknown}
 e - 5 scrolls of identify
 h - 2 scrolls of fear {unknown}
 i - 3 scrolls of silence
 j - a scroll of teleportation {unknown}
 k - 3 scrolls of immolation
 l - 4 scrolls of vulnerability
 m - a scroll of noise {unknown}
 A - 2 scrolls of fog {unknown}
 E - a scroll of enchant weapon {unknown}
Potions
 f - a potion of ambrosia {unknown}
 g - 2 potions of flight {unknown}
 n - 4 potions of magic
 r - 2 potions of cancellation {unknown}
 s - 2 potions of invisibility {unknown}
 t - a potion of might {unknown}
 w - 2 potions of lignification {unknown}
 B - 4 potions of heal wounds {unknown}


   Skills:
 + Level 1.5 Fighting
 + Level 3.1 Dodging
 + Level 3.3 Stealth
 + Level 8.9 Spellcasting


You knew the following spells:

 Your Spells              Type           Power      Damage    Failure   Level
a - Foxfire               Conj/Fire      100%       2x1d9     1%          1
b - Scorch                Fire           100%       2d9       1%          2
c - Volatile Blastmotes   Fire/Tloc      100%       2d18      1%          3
d - Inner Flame           Hex/Fire       63%        N/A       1%          3
e - Flame Wave            Conj/Fire      63%        2d15      1%          4
f - Freeze                Ice            100%       1d10      1%          1
g - Momentum Strike       Conj/Tloc      92%        3d10      1%          2
h - Teleport Other        Tloc           46%        N/A       1%          3
i - Confusing Touch       Hex            46%        N/A       1%          3
Your spell library was empty.

Dungeon Overview and Level Annotations

Branches:
Dungeon (6/15)             Temple (1/1) D:5           Sewer (visited)

Altars:
Ashenzari
Dithmenos
Elyvilon
Gozag
Hepliaklqana
Makhleb
Okawaru
Qazlal
Ru
Trog
Uskayaw
Wu Jian
Xom
Yredelemnul
Zin
The Shining One

Shops:
D:3 ?   D:4 *


Innate Abilities, Weirdness & Mutations

You are immune to sickness and miasma.
You are immune to poison.
Your flesh is very heat resistant. (rF++)
You are vulnerable to cold. (rC-)
You float through the air rather than walking.
You learn spells naturally, not from books.
Your magical power is your life essence.
You have superior vitality. (+4 MHP)


Message History

The orc priest casts a cantrip, but nothing happens.
Casting: Foxfire (safe; 1% risk of failure)
Confirm with . or Enter, or press ? or * to list all spells.
Casting: Flame Wave (dangerous; 1% risk of failure)
Press: ? - help, Dir - look around, f - activate You can't see that place.
You feel a surge of power!
A wave of flame ripples out!
The flame wave engulfs the orc warrior.
The orc warrior is heavily wounded.
The flame wave engulfs the orc priest!! (Press . to intensify the flame waves.)
* * * LOW HITPOINT WARNING * * *
The orc priest explodes!
The fiery explosion engulfs you. You resist.
* * * LOW HITPOINT WARNING * * *
The fiery explosion engulfs the orc warrior!!
You kill the orc warrior!
You are engulfed in blazing flames.
You resist.
* * * LOW HITPOINT WARNING * * *
Unknown command.
You feel better.
You hear the slow hiss of an avalanche of sand nearby.
You feel better.
The orc priest invokes the aid of Beogh against you.
Pain shoots through your body!
* * * LOW HITPOINT WARNING * * *
Casting: Flame Wave (dangerous; 1% risk of failure)
Confirm with . or Enter, or press ? or * to list all spells.
Casting: Flame Wave (dangerous; 1% risk of failure)
Press: ? - help, Dir - look around, f - activate You feel a surge of power!
A wave of flame ripples out!
The flame wave engulfs the orc priest!
The orc priest is heavily wounded. (Press . to intensify the flame waves.)
* * * LOW HITPOINT WARNING * * *
The orc priest completely misses you.
Without enough magic to sustain them, the waves of flame dissipate.
The orc priest hits you with a +0 hand axe.
You die...
Your body crumbles into a pile of gold.

.. ########### ......#
#.....<...# #......#
##.........# ###......#
...........####........#
##..............#......#
#.....................#
#########......$.....#
#. ###.##...@...# .<.
#........oo### ...#
#.####..##...# ##...#
####....####.##......
#...#....##.........
#..###.##....§.§.##.. #.
#.######$)#..... .v #.#
##..## ###. .§ #.# #..##
$


You could see an orc priest and an orc.

Vanquished Creatures
  Grinder (Sewer)
  A shadow (D:5)
  An orc warrior (D:6)
  A black bear (D:6)
  2 ogres
  2 phantoms
  4 scorpions
  A necrophage (Sewer)
  2 wights (Sewer)
  A howler monkey (D:5)
  2 hounds (D:5)
  2 orc priests
  4 jellies
  A sleepcap (D:5)
  Ijyb (D:3)
  An iguana (D:5)
  3 orc wizards
  10 adders
  4 gnolls (D:5)
  5 shadow imps (Sewer)
  A white imp (D:5)
  7 ufetubi
  A worm (D:3)
  3 dart slugs
  10 orcs
  13 bats
  13 endoplasms
  7 giant cockroaches
  6 goblins
  3 hobgoblins
  6 quokkas
  9 ball pythons
  4 frilled lizards
  A giant cockroach zombie (Sewer)
  23 kobolds
  2 kobold zombies (Sewer)
  6 rats
164 creatures vanquished.

Vanquished Creatures (others)
  668 foxfires
668 creatures vanquished.

Grand Total: 832 creatures vanquished

Notes
Turn   | Place    | Note
-------+----------+-------------------------------------------
     0 | D:1      | GooseDwarf1 the Djinni Fire Elementalist began the quest
                  | for the Orb.
     0 | D:1      | GooseDwarf1 set off with the following spells memorised:
                  | Foxfire, Scorch, Volatile Blastmotes, Inner Flame, Flame
                  | Wave.
     0 | D:1      | Reached XP level 1. HP: 15/15 MP: 0/0
    50 | D:1      | You are sucked into a shaft and drop 1 floor!
    62 | D:2      | Reached XP level 2. HP: 17/21 MP: 0/0
   185 | D:2      | Reached skill level 3 in Spellcasting
   263 | D:2      | Reached XP level 3. HP: 15/25 MP: 0/0
   263 | D:2      | Learned a level 1 spell: Freeze
  1234 | D:1      | Found a faded altar of an unknown god.
  1409 | D:1      | Reached XP level 4. HP: 28/31 MP: 0/0
  1553 | D:3      | Found Maj Loynaa's Magic Scroll Shoppe.
  1795 | D:3      | Found a glowing drain.
  1940 | D:3      | Noticed Ijyb
  1950 | D:3      | Killed Ijyb
  1951 | D:3      | Reached skill level 4 in Spellcasting
  1951 | D:3      | Reached XP level 5. HP: 2/35 MP: 0/0
  1951 | D:3      | Learned a level 2 spell: Momentum Strike
  2144 | Sewer    | Entered a sewer
  2407 | Sewer    | Reached XP level 6. HP: 37/40 MP: 0/0
  2429 | Sewer    | Noticed Grinder
  2451 | Sewer    | Killed Grinder
  2452 | Sewer    | Reached skill level 5 in Spellcasting
  2452 | Sewer    | Reached XP level 7. HP: 23/45 MP: 0/0
  2452 | Sewer    | Learned a level 3 spell: Teleport Other
  2709 | Sewer    | Reached skill level 6 in Spellcasting
  3170 | D:3      | Found an ornate altar of the Wu Jian Council.
  3192 | D:3      | Noticed a spectral centipede
  3192 | D:3      | Noticed a spectral black mamba
  3192 | D:3      | Noticed a spectral cane toad
  3989 | D:4      | Reached XP level 8. HP: 36/50 MP: 0/0
  4161 | D:4      | Found an opulent altar of Gozag.
  4181 | D:4      | Found an iron altar of Okawaru.
  4809 | D:4      | Found a shimmering altar of Xom.
  4933 | D:4      | Found Nypto's CLEARANCE SALE!.
  4939 | D:4      | Bought a scroll of identify for 8 gold pieces
  4939 | D:4      | Bought a potion of curing for 12 gold pieces
  5261 | D:4      | Became a worshipper of Gozag Ym Sagoz the Greedy
  5284 | D:5      | Entered Level 5 of the Dungeon
  5289 | D:5      | Reached skill level 7 in Spellcasting
  5612 | D:5      | Found a staircase to the Ecumenical Temple.
  5711 | D:5      | Reached skill level 1 in Fighting
  5711 | D:5      | Reached XP level 9. HP: 52/57 MP: 0/0
  5711 | D:5      | Learned a level 3 spell: Confusing Touch
  5840 | Temple   | Entered the Ecumenical Temple
  6138 | D:5      | Reached skill level 8 in Spellcasting
  6345 | D:5      | Found a burning altar of Makhleb.
  6345 | D:5      | Noticed a blizzard demon
  6586 | D:6      | HP: 2/57 [orc priest/divine providence (10)]
  6597 | D:6      | Slain by an orc priest

Illustrated notes

Levels and vault maps discovered:
D:1:      psy_arrival_whirlpool, layout_basic,
          ebering_ecumenical_altar_abandoned, hangedman_decor_points
D:2:      layout_loops_ring, kennysheep_generic_room_13
D:3:      layout_basic, pdpol_wu_jian_five_deadly_venoms,
          gup_sewer_entry_bubbles, serial_shops, nicolae_shop_hallway_plus,
          nicolae_half_adder, uniq_ijyb
D:4:      layout_basic, mainiacjoe_overflow_alcove_2, lemuel_crystal_altar,
          mainiacjoe_overflow_small_starburst, serial_corexii_hall,
          chequers_hall_statues_corner_a, corexii_hall_statues_s,
          grunt_ministairs_9, nicolae_shop_clearance, uniq_grinder
D:5:      layout_cave_pools, makhleb_altar_promises_db,
          minmay_temple_entry_sparse_star, minmay_fountain_box,
          serial_park_tiny_pond, minmay_manual_mail
D:6:      layout_rooms, fedhas_altar_3, old_standard_altar,
          chequers_ossuary_entry_cave, uniq_eustachio
Temple:   oiseaux_autumnal_temple

Skill      XL: |  1  2  3  4  5  6  7  8  9 |
---------------+----------------------------+-----
Spellcasting   | 3 4 5 6 7 8 |  8.9
Stealth        | 2 3 |  3.3
Dodging        | 3 |  3.1
Fighting       | 1 |  1.5

Action                     |  1- 3 |  4- 6 |  7- 9 || total
---------------------------+-------+-------+-------++-------
  Melee: Unarmed           |     3 |       |       ||     3
         Club              |       |       |     2 ||     2
         Punch             |       |       |     1 ||     1
   Cast: Foxfire           |    62 |   121 |   246 ||   429
         Scorch            |     2 |     3 |    24 ||    29
         Flame Wave        |       |       |     2 ||     2
         Inner Flame       |       |       |     1 ||     1
    Use: Scroll            |       |     2 |     2 ||     4
         Potion            |       |       |     4 ||     4
 Armour: Robe              |     3 |     1 |     4 ||     8
  Dodge: Dodged            |     7 |     1 |    11 ||    19
